cohdb
Replays
Latest Replays
All Replays
Popular Replays
Top Player Replays
Match Explorer
How It Works
Community
CoH3 Stats
Reddit
Sign in to upload your games and track your stats! →
Sign in with Steam
Match 39413449
Unlisted
Match 39413449
Overview
Messages
Build Orders
End
Kettenkrad Recon Vehicle
Construct Infanterie Kompanie
MG 42 Machine Gun Team
MG 42 Machine Gun Team
Selects Terror Battlegroup
Selects Machine Gun Camouflage
Grenadier Squad
Grenadier Squad
Construct Panzergrenadier Kompanie
Selects Interrogate
Panzergrenadier Squad
Pak 40 Anti-tank Gun Team
Pak 40 Anti-tank Gun Team
251 Medium Carrier
Construct Panzer Kompanie
Selects Jericho Trumpet
GrW 34 Mortar Team
Panzergrenadier Squad
Jericho Trumpet
Panzer IV Medium Tank
Grenadier Squad
Stoßtruppen Squad
MG 42 Bunker
Selects V1 Rocket Strike
Panzergrenadier Officer Quarters
Jericho Trumpet
Selects Defend the Fatherland
V1 Rocket Strike
Defend the Fatherland
Panzer Officer Quarters
Side Skirts
Infanterie Officer Quarters
Medical Station
Defend the Fatherland
V1 Rocket Strike
Jericho Trumpet
Bighazelnut
L1ght_Vapez
0
0
Comments
sign in to comment!
No comments posted yet!